 Dungeon Crawl Stone Soup version 0.30.0 (webtiles) character file.

Game seed: 15769676204285984944

42 Weevilburger the Covered (level 3, 0/29 HPs)
             Began as a Human Fighter on Aug 22, 2023.
             Slain by an adder (1 damage)
             ... on level 2 of the Dungeon.
             The game lasted 00:06:09 (1118 turns).

Weevilburger the Covered (Human Fighter)            Turns: 1118, Time: 00:06:10

Health: 0/29       AC:  6    Str: 18    XL:     3   Next: 77%
Magic:  3/3        EV:  9    Int:  8    God:
Gold:   104        SH:  4    Dex: 12    Spells: 2/2 levels left

rFire   . . .        a - +0 long sword
rCold   . . .        c - +0 buckler
rNeg    . . .        b - +0 scale mail
rPois   .            (no helmet)
rElec   .            (no cloak)
rCorr   .            (no gloves)
SInv    .            (no boots)
Will    .....        (no amulet) Stlth
                     (no ring)
HPRegen 0.24/turn    (no ring)
MPRegen 0.08/turn

%: no passive effects
@: no status effects
A: no striking features
a: no special abilities


You were on level 2 of the Dungeon.
You visited 1 branch of the dungeon, and saw 2 of its levels.

You collected 104 gold pieces.

Inventory:

Hand Weapons
 a - a +0 long sword (weapon)
Missiles
 h - 6 poisoned darts (quivered)
Armour
 b - a +0 scale mail (worn)
 c - a +0 buckler (worn)
Scrolls
 j - a scroll of teleportation
Potions
 d - 3 potions of might
 e - 2 potions of resistance {unknown}
 f - a potion of brilliance {unknown}
 g - a potion of curing {unknown}


   Skills:
 + Level 3.3 Fighting
 + Level 2.4 Long Blades
 + Level 3.3 Armour
 + Level 1.1 Dodging
 + Level 3.3 Shields


You had 2 spell levels left.
You didn't know any spells.
Your spell library was empty.

Dungeon Overview and Level Annotations

Branches:
Dungeon (2/15)

Altars:

Annotations:
D:1 2 runed translucent doors


Message History

Things that are here:
a +0 club; a ball python corpse An adder comes into view.
The adder hisses angrily.
The adder bites you but does no damage. You block the adder's attack.
The adder bites you but does no damage. The adder completely misses you.
The adder bites you. The adder barely misses you. You block the adder's attack.
The adder closely misses you. The adder bites you but does no damage.
The adder bites you.
You are poisoned.
The adder poisons you!
You feel sick. The adder misses you.
You feel sick. You block the adder's attack.
You feel sick. The adder closely misses you.
You feel sick. You block the adder's attack. The adder bites you.
You are more poisoned.
The adder poisons you!
You feel very sick. You block the adder's attack.
You feel sick. You block the adder's attack.
You closely miss the adder.
You feel sick. The adder closely misses you.
The adder bites you but does no damage.
You completely miss the adder.
You feel sick.
The adder bites you but does no damage. x2
You closely miss the adder.
You feel sick. The adder bites you.
* * * LOW HITPOINT WARNING * * *
You closely miss the adder.
* * * LOW HITPOINT WARNING * * *
You feel sick. The adder barely misses you. You block the adder's attack.
You closely miss the adder.
* * * LOW HITPOINT WARNING * * *
You feel sick.
You are no longer poisoned.
The adder bites you but does no damage. You block the adder's attack.
You slash the adder!
The adder is almost dead.
The adder bites you.
You die...

####....##.#.#########.
#.......#....# #######.
######.##..### #.......
####### ##########
####8###8###⌠###8###8
#....................
#....................
...#.##.#)#......###.##.
#.....@..######.# #.###
#####.S### #........
##>. #.###.#.# #.## #.#
#.#.# #.# #.# #.# # ...
... #.# ... ...


You could see an adder.

Vanquished Creatures
  An adder (D:2)
  2 dart slugs (D:1)
  3 bats (D:1)
  3 endoplasms
  A giant cockroach (D:1)
  7 goblins
  4 hobgoblins
  A quokka (D:2)
  3 ball pythons
  2 kobolds (D:1)
27 creatures vanquished.

Notes
Turn   | Place    | Note
-------+----------+-------------------------------------------
     0 | D:1      | Weevilburger the Human Fighter began the quest for the Orb.
     0 | D:1      | Reached XP level 1. HP: 18/18 MP: 1/1
    46 | D:1      | Found a large runed translucent door.
    46 | D:1      | Found a large runed translucent door.
   147 | D:1      | Reached XP level 2. HP: 24/24 MP: 2/2
   371 | D:1      | Reached XP level 3. HP: 29/29 MP: 3/3
   848 | D:2      | Reached skill level 1 in Dodging
  1116 | D:2      | HP: 1/29 [poisoned by an adder]
  1118 | D:2      | Slain by an adder

Illustrated notes

Levels and vault maps discovered:
D:1:      erik_arrival_cave_to_civilisation [erik_arrival_cave_to_temple],
          layout_basic
D:2:      layout_basic, serial_corexii_hall, chequers_hall_statues_wall_a,
          chequers_hall_statues_wall_a, minmay_tetromino_s2,
          uniq_crazy_yiuf_cottage, uniq_jessica

Skill      XL: |  1  2  3 |
---------------+----------+-----
Dodging        | 1 |  1.1
Fighting       | |  3.3
Long Blades    | |  2.4
Armour         | |  3.3
Shields        | |  3.3

Action                     || total
---------------------------++-------
  Melee: Long sword        ||    92
    Use: Scroll            ||     2
 Armour: Scale mail        ||    66
  Dodge: Dodged            ||    70
  Block: Buckler           ||    40
